 Dungeon Crawl Stone Soup version 0.21.1-1-g345015f (webtiles) character file.

56 tidbits the Charmwright (level 3, 39/46 HPs)
             Began as a Gnoll Skald on June 20, 2018.
             Quit the game on level 3 of the Dungeon.
             The game lasted 00:03:31 (359 turns).

tidbits the Charmwright (Gnoll Skald)                Turns: 359, Time: 00:03:31

Health: 39/46      AC: 21    Str: 13    XL:     3   Next: 97%
Magic:  9/9        EV:  2    Int: 16    God:
Gold:   63         SH:  0    Dex: 14    Spells: 1/12 levels left

rFire    . . .     SeeInvis +   c - book of Battle
rCold    . . .     Gourm    .   (no shield)
rNeg     + + +     Faith    .   (armour currently unavailable)
rPois    +         Spirit   .   (helmet currently unavailable)
rElec    .         Reflect  .   (cloak currently unavailable)
rCorr    .         Harm     .   (gloves currently unavailable)
MR       .....     NoTele   +   (boots currently unavailable)
Stlth    ++........             (no amulet)
HPRegen  0.15/turn              e - ring of teleportation (curse)
MPRegen  0.11/turn              f - ring of see invisible

@: tree-form
A: distributed training, strong nose
a: no special abilities


You were on level 3 of the Dungeon.
You were not hungry.
You were a tree.
You visited 1 branch of the dungeon, and saw 3 of its levels.

You collected 63 gold pieces.

Inventory:

Hand Weapons
 a - a +0 hand axe
Armour
 b - a +0 leather armour (melded)
Jewellery
 e - a cursed ring of teleportation (left branch)
   (You found it on level 1 of the Dungeon)
 f - a ring of see invisible (right branch)
   (You found it on level 1 of the Dungeon)
Scrolls
 h - a scroll of teleportation
Potions
 i - a potion of curing {unknown}
 k - a potion of lignification
Books
 c - a book of Battle (in branch)

   Spells                             Type                      Level
   a - Infusion                       Charms                       1
   b - Shroud of Golubria             Charms/Translocation         2
   c - Song of Slaying                Charms                       2
   d - Spectral Weapon                Hexes/Charms                 3
   e - Regeneration                   Charms/Necromancy            3
Comestibles
 d - a ration


   Skills:
 + Level 4.6 Fighting
 + Level 1.0 Short Blades
 + Level 1.0 Long Blades
 + Level 4.6 Axes
 + Level 1.0 Maces & Flails
 + Level 1.0 Polearms
 + Level 1.0 Staves
 + Level 1.0 Slings
 + Level 1.0 Bows
 + Level 1.0 Crossbows
 + Level 1.0 Throwing
 + Level 2.6 Armour
 + Level 4.6 Dodging
 + Level 1.0 Stealth
 + Level 1.0 Shields
 + Level 1.0 Unarmed Combat
 + Level 5.0 Spellcasting
 + Level 0.7 Conjurations
 + Level 0.7 Hexes
 + Level 5.4 Charms
 + Level 0.7 Summonings
 + Level 0.7 Necromancy
 + Level 0.7 Translocations
 + Level 0.7 Transmutations
 + Level 0.7 Fire Magic
 + Level 0.7 Ice Magic
 + Level 0.7 Air Magic
 + Level 0.7 Earth Magic
 + Level 0.7 Poison Magic
 + Level 1.0 Invocations
 + Level 1.0 Evocations


You had one spell level left.
You knew the following spells:

 Your Spells              Type           Power        Failure   Level  Hunger
g - Shroud of Golubria    Chrm/Tloc      ##........   6%          2    #......
i - Infusion              Chrm           ###.         1%          1    None
r - Regeneration          Chrm/Necr      ##........   13%         3    ###....
w - Spectral Weapon       Hex/Chrm       ##......     13%         3    ###....
y - Song of Slaying       Chrm           ###.....     2%          2    #......


Dungeon Overview and Level Annotations

Branches:
Dungeon (3/15)

Altars:

Annotations:
D:3 Sigmund


Innate Abilities, Weirdness & Mutations

Your experience applies equally to all skills.
((You have very sharp teeth.))
Your uncanny sense of smell can sniff out nearby items.


Message History

The hobgoblin misses you.
You hit the hobgoblin.
The hobgoblin is almost dead.
The hobgoblin hits you with a club.
You hit the hobgoblin.
You kill the hobgoblin!
Things that are here:
a club; a hobgoblin corpse
There is a stone staircase leading down here.
You climb downwards.
A worm comes into view.
There is a stone staircase leading up here.
You see here 13 gold pieces.
You now have 63 gold pieces (gained 13).
A jackal comes into view.
The jackal barks!
Casting: Spectral Weapon
Confirm with . or Enter, or press ? or * to list all spells.
You draw out your weapon's spirit!
You hit the jackal but do no damage.
Your spectral weapon hits the jackal!
You kill the jackal!
Your Short Blades skill increases to level 1!
Your Long Blades skill increases to level 1!
Your Maces & Flails skill increases to level 1!
Your Polearms skill increases to level 1!
Your Staves skill increases to level 1!
Your Slings skill increases to level 1!
Your Bows skill increases to level 1!
Your Crossbows skill increases to level 1!
Your Throwing skill increases to level 1!
Your Stealth skill increases to level 1!
Your Shields skill increases to level 1!
Your Unarmed Combat skill increases to level 1!
Your Evocations skill increases to level 1!
Sigmund the Dreaded comes into view.
He is wielding a scythe.
Sigmund shouts!
You see here a whip.
It was a potion of lignification.
You turn into a tree.
Your +0 leather armour melds into your body.
Your roots penetrate the ground.
You hit the worm.
The worm is moderately wounded.
Your spectral weapon barely misses the worm.
Sigmund hits you but does no damage. The worm bites you.
You hit the worm.
The worm is heavily wounded.
Your spectral weapon completely misses the worm.
You hit the worm.
The worm is heavily wounded.
Your spectral weapon hits the worm.
Sigmund barely misses you. The worm bites you but does no damage.
You hit the worm.
You kill the worm!
Sigmund hits you but does no damage.
Wield which item (- for none, * to show all)? (? for menu, Esc to quit)
Okay, then.
As you read the scroll labeled UCUIMASIUN, it crumbles to dust.
You feel a strange sense of stasis.
It was a scroll of teleportation.
Sigmund hits you but does no damage.
As you read the scroll labeled DAEMUGR DYKASM, it crumbles to dust.
You assume a fearsome visage.
Sigmund looks frightened!
Your spectral weapon is unaffected.
It was a scroll of fear.
Sigmund mumbles some strange words.
Sigmund flickers and vanishes for a moment.
Wield which item (- for none, * to show all)? (? for menu, Esc to quit)
Your spectral weapon disappears as you unwield.
c - a book of Battle (in branch)
You swing at nothing.
Sigmund hits you but does no damage.
Unknown command.
It was a potion of ambrosia.
You are confused.
You feel invigorated. Sigmund hits you but does no damage.
You cannot move. (Use ctrl+direction to attack without moving.)
You swing at nothing.
Sigmund points at you and mumbles some strange words.
The magic dart hits you!
You swing at nothing.
Sigmund gestures at you while chanting.
You are more confused.
You swing at nothing.
Sigmund hits you but does no damage.
You swing at nothing.
Sigmund seems to regain his courage.
Sigmund casts a spell at you. The magic dart hits you!
Sigmund points at you and mumbles some strange words.
You resist with significant effort.
You swing at nothing.
Sigmund gestures at you while chanting. The magic dart hits you!
You swing at nothing.
You feel less invigorated. Sigmund hits you but does no damage.
You nearly hit yourself!
Sigmund hits you but does no damage.
You swing at nothing.
Sigmund points at you and mumbles some strange words.
The magic dart hits you!
You swing at nothing.
Sigmund hits you from afar with a scythe.
You swing at nothing.
You feel less confused.
Sigmund hits you from afar with a scythe.
Are you sure you want to abandon this character and quit the game? (Confirm with "yes".)

# #.#.# ..# #.
#.#..# .#
#.#(###.#####..#
#..#####...<....
#...#.....######
..###.#......#...
#......(......#
..###.#†)....#.#
......†<.♣...#...
#)###.#@##.###
### #.#.##.#
#∆#@##.# #.##.#
#.##.# ..##.#
####.# ...


You could see Sigmund (invisible).

Vanquished Creatures
  2 adders
  An ooze (D:2)
  A worm (D:3)
  3 giant cockroaches
  A goblin (D:3)
  2 hobgoblins (D:2)
  6 jackals
  4 kobolds
  5 bats
  3 frilled lizards
  A rat (D:1)
29 creatures vanquished.

Notes
Turn   | Place    | Note
-------+----------+-------------------------------------------
     0 | D:1      | tidbits the Gnoll Skald began the quest for the Orb.
     0 | D:1      | Reached XP level 1. HP: 20/20 MP: 6/6
    94 | D:2      | Reached XP level 2. HP: 21/26 MP: 2/7
    98 | D:2      | Learned a level 2 spell: Song of Slaying
   101 | D:2      | Learned a level 2 spell: Shroud of Golubria
   136 | D:2      | Reached XP level 3. HP: 26/31 MP: 1/9
   141 | D:2      | Learned a level 3 spell: Regeneration
   150 | D:2      | Reached skill level 5 in Spellcasting
   228 | D:2      | Learned a level 3 spell: Spectral Weapon
   281 | D:2      | You fall through a shaft!
   294 | D:3      | Reached skill level 1 in Invocations
   333 | D:3      | Reached skill level 1 in Short Blades
   333 | D:3      | Reached skill level 1 in Long Blades
   333 | D:3      | Reached skill level 1 in Maces & Flails
   333 | D:3      | Reached skill level 1 in Polearms
   333 | D:3      | Reached skill level 1 in Staves
   333 | D:3      | Reached skill level 1 in Slings
   333 | D:3      | Reached skill level 1 in Bows
   333 | D:3      | Reached skill level 1 in Crossbows
   333 | D:3      | Reached skill level 1 in Throwing
   333 | D:3      | Reached skill level 1 in Stealth
   333 | D:3      | Reached skill level 1 in Shields
   333 | D:3      | Reached skill level 1 in Unarmed Combat
   333 | D:3      | Reached skill level 1 in Evocations
   335 | D:3      | Noticed Sigmund
   359 | D:3      | Quit the game

Skill      XL: |  1  2  3 |
---------------+----------+-----
Spellcasting   | 5 |  5.0
Invocations    | 1 |  1.0
Short Blades   | 1 |  1.0
Long Blades    | 1 |  1.0
Maces & Flails | 1 |  1.0
Polearms       | 1 |  1.0
Staves         | 1 |  1.0
Slings         | 1 |  1.0
Bows           | 1 |  1.0
Crossbows      | 1 |  1.0
Throwing       | 1 |  1.0
Stealth        | 1 |  1.0
Shields        | 1 |  1.0
Unarmed Combat | 1 |  1.0
Evocations     | 1 |  1.0
Fighting       | |  4.6
Axes           | |  4.6
Armour         | |  2.6
Dodging        | |  4.6
Conjurations   | |  0.7
Hexes          | |  0.7
Charms         | |  5.4
Summonings     | |  0.7
Necromancy     | |  0.7
Translocations | |  0.7
Transmutations | |  0.7
Fire Magic     | |  0.7
Ice Magic      | |  0.7
Air Magic      | |  0.7
Earth Magic    | |  0.7
Poison Magic   | |  0.7

Action                   || total
-------------------------++-------
Melee: Hand axe          ||    64
       Bite              ||     6
 Cast: Infusion          ||     4
       Song of Slaying   ||     2
       Spectral Weapon   ||     5
  Use: Scroll            ||     2
       Potion            ||     2
Armor: Leather armour    ||    16
       Skin              ||    11
Dodge: Dodged            ||    50

Table legend:
 A = Turns spent in this place as a percentage of turns spent in the entire game.
 B = Non-inter-level travel turns spent in this place as a percentage of non-inter-level travel turns spent in the entire game.
 C = Inter-level travel turns spent in this place as a percentage of turns spent in this place.
 D = Turns resting spent in this place as a percentage of non-inter-level travel turns spent in this place.
 E = Turns spent auto-exploring this place as a percentage of non-inter-level travel turns spent in this place.
 F = Non-inter-level travel turns spent in this place divided by the number of levels of this place that you've seen.
                   A       B       C       D       E      F
               +-------+-------+-------+-------+-------+----------------------
         Total | 100.0 | 100.0 |   0.0 |   0.0 |   0.0 | 119.7
       Dungeon | 100.0 | 100.0 |   0.0 |   0.0 |   0.0 | 119.7
               +-------+-------+-------+-------+-------+----------------------

Table legend:
 A = Kills in this place as a percentage of kills in entire the game.
 B = Kills by you in this place as a percentage of kills by you in the entire game.
 C = Kills by friends in this place as a percentage of kills by friends in the entire game.
 D = Other kills in this place as a percentage of other kills in the entire game.
 E = Experience gained in this place as a percentage of experience gained in the entire game.
 F = Experience gained in this place divided by the number of levels of this place that you have seen.
                   A       B       C       D       E      F
               +-------+-------+-------+-------+-------+----------------------
         Total | 100.0 | 100.0 |   N/A |   N/A | 100.0 |  27.0
       Dungeon | 100.0 | 100.0 |   N/A |   N/A | 100.0 |  27.0
               +-------+-------+-------+-------+-------+----------------------

Vault maps used:
D:1:      dpeg_arrival_prison, minmay_misc_feat_diagonals
D:3:      first_ration, uniq_sigmund
